 Dungeon Crawl Stone Soup version 0.26.1-11-gd32895ea62 (webtiles) character file.

Game seed: 14122165908908381484

702 Kukuleta the Slasher (level 7, -8/59 HPs)
             Began as a Barachi Fighter on June 30, 2021.
             Was an Initiate of the Shining One.
             Killed by divine providence
             ... invoked by an orc priest
              (15 damage)
             ... on level 4 of the Dungeon.
             The game lasted 00:18:10 (6248 turns).

Kukuleta the Slasher (Barachi Fighter)              Turns: 6248, Time: 00:18:11

Health: -8/59      AC:  9    Str: 19    XL:     7   Next: 66%
Magic:  7/7        EV:  9    Int:  8    God:    the Shining One [......]
Gold:   217        SH:  0    Dex: 12    Spells: 6/6 levels left

rFire    . . .     SeeInvis .   a - +0 long sword
rCold    . . .     Faith    .   (no shield)
rNeg     . . .     Spirit   .   b - +0 scale mail
rPois    .         Reflect  .   (no helmet)
rElec    .         Harm     .   r - +0 cloak
rCorr    +         Rampage  .   (no gloves)
Will     .....                  (no boots)
Stlth    ..........             (no amulet)
HPRegen  0.19/turn              j - ring of resist corrosion
MPRegen  0.10/turn              (no ring)

@: glowing, slow
A: +LOS, swims, slowness 1, strong legs 1
a: Hop, Renounce Religion


You were on level 4 of the Dungeon.
You worshipped the Shining One.
The Shining One was noncommittal.
You visited 2 branches of the dungeon, and saw 6 of its levels.

You collected 217 gold pieces.

Inventory:

Hand Weapons
 a - a +0 long sword (weapon)
 i - a +1 vampiric short sword
Armour
 b - a +0 scale mail (worn)
 r - a +0 cloak (worn)
Jewellery
 j - a ring of resist corrosion (left hand)
Wands
 n - a wand of paralysis (7)
Scrolls
 e - 6 scrolls of identify
 g - a scroll of immolation {unknown}
 l - a scroll of blinking {unknown}
 m - 3 scrolls of remove curse
 o - a scroll of random uselessness {unknown}
 p - a scroll of fear {unknown}
 q - a scroll of teleportation
 s - 2 scrolls of noise {unknown}
 v - 2 scrolls of enchant weapon {unknown}
Potions
 c - a potion of attraction {unknown}
 d - a potion of might
 f - 3 potions of brilliance
 h - a potion of mutation {unknown}
 k - a potion of lignification
 t - a potion of resistance {unknown}
 u - a potion of heal wounds {unknown}
 w - a potion of cancellation {unknown}


   Skills:
 + Level 6.4 Fighting
 * Level 6.7 Long Blades
 + Level 6.4 Armour
 - Level 3.2 Shields


You had 6 spell levels left.
You didn't know any spells.
Your spell library was empty.

Dungeon Overview and Level Annotations

Branches:
Dungeon (5/15)             Temple (1/1) D:5

Altars:
Ashenzari
Cheibriados
Elyvilon
Fedhas
Hepliaklqana
Kikubaaqudgha
Makhleb
Qazlal
Ru
Sif Muna
Trog
Uskayaw
Vehumet
Yredelemnul
Zin
The Shining One


Innate Abilities, Weirdness & Mutations

You can be seen from farther away. (+LOS)
You can swim through water.
You cover ground slowly.
You can hop short distances.


Message History

The orc is heavily wounded.
The orc hits you but does no damage.
You hit the orc but do no damage.
The orc is heavily wounded.
The orc hits you with a +0 hand axe.
You hit the orc but do no damage.
The orc is heavily wounded.
The orc barely misses you.
You barely miss the orc.
The orc is heavily wounded.
The orc priest invokes the aid of Beogh against you.
Beogh smites you!
* * * LOW HITPOINT WARNING * * *
The orc hits you but does no damage.
You hit the orc but do no damage.
The orc is heavily wounded.
The orc closely misses you.
The orc priest invokes the aid of Beogh against you.
Beogh smites you!
You die...

..###.####.#.######.##.# #...#
#####.##
#.#.....##.##'######.... #....#
#...###.##.............#
#....#####.# #.##..........##..
#....'.....###.##..........##..
#....##........##..........##..
#....##.###...###..............
#<...##.# #...###o##'#####.....
#....##.# #...@)o{....# #....#
#....##+# #...)##.....####....#
.....# #....##.....##......#
....### #....##.....##.......
..... ......#####...#....##.
..#.....# ...#....##. . #.....#
..#######. . #.....# ### ##
#......


You could see an orc priest and an orc.

Vanquished Creatures
  An ogre (D:5)
  A scorpion (D:4)
  A hound (D:4)
  3 orc priests
  An orc wizard (D:3)
  An iguana (D:5)
  5 worker ants
  A hound skeleton (D:4)
  6 gnolls
  5 adders
  A white imp (D:5)
  An ooze (D:1)
  4 worms
  4 dart slugs
  6 leopard geckos
  18 orcs
  A ball python (D:3)
  10 bats
  2 giant cockroaches
  3 goblins
  3 hobgoblins
  14 jackals
  7 kobolds
  6 quokkas
  7 frilled lizards
  A giant cockroach zombie (D:5)
  8 rats
  A spectral orc (D:3)
122 creatures vanquished.

Vanquished Creatures (others)
  A rat (D:3)
1 creature vanquished.

Grand Total: 123 creatures vanquished

Notes
Turn   | Place    | Note
-------+----------+-------------------------------------------
     0 | D:1      | Kukuleta the Barachi Fighter began the quest for the Orb.
     0 | D:1      | Reached XP level 1. HP: 18/18 MP: 1/1
   159 | D:1      | Reached XP level 2. HP: 24/25 MP: 2/2
  1125 | D:2      | Reached XP level 3. HP: 27/30 MP: 3/3
  1616 | D:2      | Reached XP level 4. HP: 25/38 MP: 4/4
  2097 | D:2      | Found a snail-covered altar of Cheibriados.
  2700 | D:3      | Reached XP level 5. HP: 22/43 MP: 5/5
  2706 | D:3      | Reached skill level 5 in Fighting
  2706 | D:3      | Reached skill level 5 in Armour
  3707 | D:3      | Reached XP level 6. HP: 41/51 MP: 6/6
  4042 | D:3      | Found a basalt altar of Yredelemnul.
  4137 | D:4      | Reached skill level 5 in Long Blades
  5037 | D:4      | Found a blossoming altar of Fedhas.
  5087 | D:5      | Entered Level 5 of the Dungeon
  5408 | D:5      | Reached XP level 7. HP: 50/57 MP: 7/7
  5726 | D:5      | Found a staircase to the Ecumenical Temple.
  5737 | Temple   | Entered the Ecumenical Temple
  6016 | Temple   | Became a worshipper of the Shining One
  6248 | D:4      | Killed from afar by an orc priest

Illustrated notes

Levels and vault maps discovered:
D:1:      wander_arrival_abandoned_jail, layout_basic, dk_noncrumbling_3,
          nrook_campfire
D:2:      layout_loops_ring, lemuel_doored_altar
D:3:      layout_basic, yredelemnul_forgotten_temple_becter
D:4:      layout_basic, kennysheep_little_box, minmay_bent
D:5:      layout_rooms, minmay_temple_entry_large_hall, uniq_edmund
Temple:   nicolae_temple_figure_eight

Skill      XL: |  1  2  3  4  5  6  7 |
---------------+----------------------+-----
Fighting       | 4 5 6 |  6.4
Armour         | 4 5 6 |  6.4
Long Blades    | 3 4 5 6 |  6.7
Shields        | |  3.2

Action                   |  1- 3 |  4- 6 |  7- 9 || total
-------------------------+-------+-------+-------++-------
Melee: Long sword        |   129 |   247 |    81 ||   457
 Abil: Hop               |       |     3 |       ||     3
Evoke: Wand              |       |     2 |       ||     2
  Use: Scroll            |     1 |     3 |       ||     4
       Potion            |       |     3 |       ||     3
Armor: Scale mail        |    75 |   113 |    36 ||   224
       Skin              |       |    10 |       ||    10
Dodge: Dodged            |    59 |   134 |    39 ||   232
       Rpst.: Long sword |    20 |    33 |    13 ||    66
